AoeStats
← gyukii

Arena

509611602Analyzed
1v1 RM · 6d ago on Sep 27, 2026· 41m 0s· 2 players
Game mode
Random Map
Map size
Tiny (2 player)
Population
200
Speed
Normal
Resources
Standard
Victory
Conquest
Starting age
Dark Age
Ending age
Imperial Age
RankedLock teamsTeams togetherTeam positionsShared explorationLock speedFull tech treeHidden civsTurbo modeCheats
Victory
Defeat
🇨🇱 Turks · Chile
1188
+16
🇨🇳 Japanese · China
1189
-16
Sir Labrop
5:10 Loom
10:13 Feudal Age
10:41 Double-Bit Axe
10:37 Horse Collar
18:10 Castle Age
20:03 Forging
20:22 Bow Saw
21:45 Heavy Plow
29:24 Imperial Age
27:30 Wheelbarrow
26:41 Town Watch
31:39 Iron Casting
33:01 Town Patrol
33:16 Hand Cart
37:17 Bloodlines
37:08 Husbandry
39:47 Spies/Treason
gyukii
1:11 Loom
12:22 Feudal Age
14:02 Town Watch
16:09 Stone Mining
27:02 Gold Mining
36:36 Double-Bit Axe
Connection lost

Rejoining the realm…

Still unreachable

The connection could not be restored.

Session expired

The server has moved on; the page needs a fresh start.